 Dungeon Crawl Stone Soup version 0.21.0-3-g78d12a8 (console) character file.

57740 removed the Lord of Darkness (level 14, -5/103 HPs)
             Began as a Vampire Hunter on Jan 11, 2018.
             Was the Champion of Kikubaaqudgha.
             Killed from afar by an ogre mage (24 damage)
             ... with a bolt of fire
             ... on level 2 of the Orcish Mines.
             The game lasted 01:23:28 (29175 turns).

removed the Lord of Darkness (Vampire Hunter)      Turns: 29175, Time: 01:23:39

Health: -5/103     AC: 17    Str: 11    XL:     14   Next: 46%
Magic:  15/36      EV: 17    Int: 18    God:    Kikubaaqudgha [******]
Gold:   2022       SH:  0    Dex: 18    Spells: 8/31 levels left

rFire    . . .     SeeInvis +   a - +6 lajatang (pain)
rCold    . . .     Gourm    .   (shield currently unavailable)
rNeg     + . .     Faith    .   o - quicksilver dragon scales
rPois    .         Spirit   .   s - +0 helmet
rElec    .         Reflect  .   W - +0 cloak
rCorr    .         Harm     .   (no gloves)
MR       ++...                  M - +2 pair of boots
Stlth    +.........             z - amulet of magic regeneration
HPRegen  0.27/turn              V - +3 ring of dexterity
MPRegen  0.50/turn              O - ring of magical power

@: very slightly contaminated
A: fangs 3, see invisible, unbreathing
a: Bat Form, Receive Corpses, Torment, Renounce Religion


You were on level 2 of the Orcish Mines.
You worshipped Kikubaaqudgha.
Kikubaaqudgha was exalted by your worship.
You were not thirsty.

You visited 3 branches of the dungeon, and saw 20 of its levels.
You also visited: Sewer and Volcano.

You collected 2022 gold pieces.

Inventory:

Hand Weapons
 a - a +6 lajatang of pain (weapon)
 d - a +2 whip of electrocution
 F - the +5 morningstar of Yderr {crush, rC+ Str+4}
   (You found it on level 9 of the Dungeon)

   It inflicts extra damage upon your enemies.
   It affects your strength (+4).
   It protects you from cold.
 P - a +0 blowgun
 R - a +2 short sword of venom
 Z - a +0 rapier of electrocution
Missiles
 f - 743 stones (quivered)
 g - 4 throwing nets
 K - 119 sling bullets
Armour
 o - quicksilver dragon scales (worn)
 p - a +4 ring mail of poison resistance
 s - a +0 helmet (worn)
 I - the +1 robe "Pahoih" {rC+ Regen+ Slay+2}
   (You took it off a gnoll on level 5 of the Dungeon)

   It affects your accuracy and damage with ranged weapons and melee attacks
   (+2).
   It protects you from cold.
   It increases your rate of regeneration.
 M - a +2 pair of boots (worn)
 N - a +1 leather armour of fire resistance
 W - a +0 cloak (worn)
Magical Staves
 b - an uncursed staff of death
Jewellery
 c - an uncursed ring of poison resistance
 z - an amulet of magic regeneration (around neck)
 O - a ring of magical power (right hand)
 V - a +3 ring of dexterity (left hand)
Wands
 B - a wand of disintegration (7)
 E - a wand of digging (8)
 G - a wand of iceblast (12)
 Q - a wand of paralysis (17)
 X - a wand of enslavement (12)
Scrolls
 h - 2 scrolls of identify
 j - 9 scrolls of teleportation
 k - 2 scrolls of amnesia
 m - 2 scrolls of brand weapon
 n - 3 scrolls of acquirement
 u - a scroll of immolation
 v - 2 scrolls of blinking
 y - 2 scrolls of magic mapping
 D - a scroll of fog
 S - 5 scrolls of remove curse
 U - 3 scrolls of enchant armour
Potions
 e - 33 potions of blood
 i - 4 potions of mutation
 l - a potion of haste
 q - 2 potions of heal wounds
 r - 2 potions of flight
 t - 3 potions of agility
 w - a potion of magic
 x - 4 potions of cancellation
 A - 6 potions of curing
 C - 4 potions of might
 H - 4 potions of lignification
 J - 2 potions of berserk rage
 L - a potion of resistance
 Y - 6 potions of brilliance


   Skills:
 - Level 7.0 Fighting
 - Level 6.1 Short Blades
 - Level 12.0 Staves
   Level 3.2 Slings
 - Level 6.2 Armour
 + Level 9.8 Dodging
 - Level 1.5 Stealth
 - Level 9.1 Spellcasting
 - Level 12.0 Necromancy
 - Level 5.0 Earth Magic


You had 8 spell levels left.
You knew the following spells:

 Your Spells              Type           Power        Failure   Level  Hunger
a - Vampiric Draining     Necr           ######....   1%          3    None
b - Borgnjor's Vile Clut  Necr/Erth      #####.....   16%         5    #####..
d - Animate Dead          Necr           N/A          1%          4    ###....
g - Agony                 Necr           ######..     3%          5    #####..
u - Dispel Undead         Necr           ######..     3%          5    #####..
A - Apportation           Tloc           #.....       19%         1    None


Dungeon Overview and Level Annotations

Branches:
Dungeon (12/15)            Temple (0/1) D:6            Lair (6/6) D:11
  Swamp (0/4) Lair:2       Spider (0/4) Lair:3          Orc (2/2) D:9
    Elf (0/3) Orc:2
  Slime: Lair:5-6

Altars:
Ashenzari
Elyvilon
Fedhas
Gozag
Hepliaklqana
Kikubaaqudgha
Makhleb
Nemelex Xobeh
Ru
Vehumet
Wu Jian
Yredelemnul
Zin
The Shining One
Beogh

Shops:
D:8 *   Orc:1 %

Portals:
Hell: Lair:6

Annotations:
D:10 Snorg
Lair:2 exclusion: ice statue
Lair:5 exclusion: 3 oklob plants


Innate Abilities, Weirdness & Mutations

You have razor-sharp teeth.
You have supernaturally acute eyesight. (SInv)
You can survive without breathing.


Message History

The bolt of cold hits you!
* * * LOW HITPOINT WARNING * * *
Press: ? - help, v - describe, . - travel, g - get item
Here: an ogre mage, wielding a spear and wearing a robe (almost dead)
A giant spiked club.
There is something else lying underneath.
The floor, spattered with blood.
Evoke which item? (* to show all) (? for menu, Esc to quit)
Aiming: Iceblast
Press: ? - help, Shift-Dir - straight line, f/p - ogre mage
Aim: an ogre mage, wielding a spear and wearing a robe (almost dead)
The mass of ice explodes!
The iceblast engulfs the ogre mage.
The ogre mage is almost dead.
The iceblast engulfs the ogre.
The ogre is lightly wounded.
You hear a shout! x9
The ogre mage points at you and mumbles some strange words.
The bolt of fire hits you!
You die...
Kikubaaqudgha rasps: "You have failed me!
Welcome... oblivion!"

#.................##
#.......##.........#
###......# #.........#
###........# ##........#
#.........# ##........
####........######........
##.##)).........#.#........
##...##).O!......##......###
##......).##@.....#........#
.
##...O...)####.)...........##
...#.......###
#.............## .........###
###..........## ..........#
#.........## O..........#
###..........# .....O.#...#
##.........)[.## ..........##
#..........))).###
..........#
####...........)##.#


You could see an ogre mage.

Vanquished Creatures
  A dire elephant (Lair:6)
  Harold (D:10)
  2 catoblepae
  A hydra (Lair:5)
  8 two-headed ogres
  An orc high priest (Orc:1)
  3 death yaks
  A hell hog (Volcano)
  2 fire crabs
  Pikel (D:6)
  A wizard (Lair:6)
  An orc knight (Orc:1)
  2 orc sorcerers
  An ugly thing (D:11)
  A manticore (D:12)
  12 elephants
  Psyche (D:8)
  3 black mambas
  Maurice (D:10)
  A smoke demon (Lair:6)
  2 orange demons (Lair:6)
  A torpor snail (Lair:6)
  A gargoyle (D:11)
  9 spiny frogs
  4 rime drakes
  4 komodo dragons
  4 red devils (Lair:6)
  5 trolls
  7 polar bears
  6 hippogriffs
  A hornet (D:10)
  16 blink frogs
  5 dream sheep (Lair:5)
  A water elemental (D:12)
  29 yaks
  A wyvern (D:10)
  4 hogs (D:7)
  4 basilisks
  A human (D:7)
  7 fire bats
  4 vampire mosquitoes
  2 hungry ghosts
  Grum (D:10)
  2 steam dragons (Volcano)
  2 insubstantial wisps (Lair:3)
  A warg (Orc:1)
  12 water moccasins
  9 porcupines
  16 orc warriors
  3 hell hounds
  A sky beast (D:10)
  2 slaves
  5 phantoms
  3 black bears
  A necrophage (D:6)
  An eye of draining (D:10)
  9 ice beasts
  11 ogres
  Purgy (Sewer)
  3 wolves (D:10)
  6 centaurs
  10 crocodiles
  9 bullfrogs
  2 wyvern zombies
  A water moccasin skeleton (D:10)
  2 wyvern skeletons
  3 scorpions
  8 killer bees
  4 electric eels
  2 howler monkeys
  6 crimson imps
  12 hounds
  4 jellies
  26 orc priests
  22 orc wizards
  5 centaur skeletons
  Terence (D:2)
  5 hell rats
  Ijyb (D:4)
  4 iguanas
  9 worker ants
  A killer bee zombie (D:7)
  A hound zombie (D:8)
  A hound skeleton (D:7)
  A howler monkey zombie (D:8)
  2 worker ant zombies
  7 gnolls (D:5)
  11 adders
  2 river rats (D:11)
  3 shadow imps
  A white imp (Lair:2)
  An ooze (D:4)
  An adder skeleton (D:7)
  2 worms (D:2)
  4 dart slugs
  6 leopard geckos
  85 orcs
  8 bats
  8 giant cockroaches
  2 gnoll zombies (D:2)
  10 goblins
  7 hobgoblins
  20 jackals
  4 quokkas
  3 frilled lizards
  A jackal skeleton (D:4)
  12 kobolds
  8 rats
  A plant (Lair:3)
601 creatures vanquished.

Vanquished Creatures (others)
  6 yaks (D:12)
  A steam dragon (Volcano)
  A hell hound (Lair:6)
  A slave (D:6)
  A human (D:4)
  A leopard gecko (D:10)
  An orc (Orc:1)
  20 fungi
  16 plants
48 creatures vanquished.

Grand Total: 649 creatures vanquished

Notes
Turn   | Place    | Note
-------+----------+-------------------------------------------
     0 | D:1      | removed the Vampire Hunter began the quest for the Orb.
     0 | D:1      | Reached XP level 1. HP: 16/16 MP: 1/1
   183 | D:1      | Reached XP level 2. HP: 23/23 MP: 2/2
   666 | D:1      | Reached skill level 1 in Short Blades
  1076 | D:2      | Reached XP level 3. HP: 21/28 MP: 3/3
  1150 | D:2      | Found an ornate altar of the Wu Jian Council.
  1448 | D:2      | Noticed Terence
  1464 | D:2      | Killed Terence
  1472 | D:2      | Reached XP level 4. HP: 15/34 MP: 4/4
  2069 | D:2      | Found a basalt altar of Yredelemnul.
  2655 | D:3      | Reached XP level 5. HP: 32/39 MP: 5/5
  3178 | D:3      | Found a blossoming altar of Fedhas.
  3799 | D:4      | Reached XP level 6. HP: 46/47 MP: 6/6
  3850 | D:4      | Found a radiant altar of Vehumet.
  3981 | D:4      | Found a burning altar of Makhleb.
  4422 | D:4      | Noticed Ijyb
  4442 | D:4      | Killed Ijyb
  4489 | D:4      | Found an ancient bone altar of Kikubaaqudgha.
  4489 | D:4      | Noticed a human
  4493 | D:4      | Killed a human
  4494 | D:4      | Became a worshipper of Kikubaaqudgha
  4522 | D:5      | Entered Level 5 of the Dungeon
  4710 | D:5      | Got a faintly glowing robe
  4721 | D:5      | Identified the +1 robe "Pahoih" {rC+ Regen+ Slay+2} (You took it off a gnoll on level 5 of the Dungeon)
  4758 | D:5      | Reached skill level 5 in Short Blades
  4768 | D:5      | Found a glowing drain.
  4785 | D:5      | Reached XP level 7. HP: 54/54 MP: 7/7
  4812 | Sewer    | Entered a sewer
  4858 | Sewer    | Noticed Purgy
  4863 | Sewer    | Killed Purgy
  4986 | D:5      | Reached skill level 5 in Dodging
  5077 | D:5      | Reached * piety under Kikubaaqudgha
  5077 | D:5      | Identified Kikubaaqudgha's Handbook of Unholy Arts (Kikubaaqudgha gifted it to you on level 5 of the Dungeon)
  5077 | D:5      | Received a gift from Kikubaaqudgha
  5119 | D:5      | Learned a level 3 spell: Vampiric Draining
  5198 | D:5      | Reached XP level 8. HP: 60/60 MP: 8/8
  5679 | D:6      | Noticed Pikel
  5858 | D:6      | Killed Pikel
  5930 | D:6      | Found a staircase to the Ecumenical Temple.
  6192 | D:6      | Reached XP level 9. HP: 51/65 MP: 9/9
  6193 | D:6      | Reached ** piety under Kikubaaqudgha
  6325 | D:7      | Reached skill level 1 in Spellcasting
  6848 | D:7      | Found a glowing golden altar of the Shining One.
  6950 | D:7      | Found a glowing silver altar of Zin.
  6995 | D:7      | Found a sparkling altar of Nemelex Xobeh.
  6995 | D:7      | Found a white marble altar of Elyvilon.
  7017 | D:7      | Found an ancient bone altar of Kikubaaqudgha.
  7067 | D:7      | Found a hazy altar of Hepliaklqana.
  7256 | D:7      | Reached skill level 5 in Spellcasting
  7369 | D:7      | Reached skill level 1 in Staves
  7561 | D:8      | Found Etinee's Serpentskin Sales.
  7720 | D:8      | Reached XP level 10. HP: 71/71 MP: 17/17
  7763 | D:8      | Reached skill level 5 in Staves
  7920 | D:8      | Noticed Psyche
  7929 | D:8      | Killed Psyche
  7976 | D:8      | Found a shattered altar of Ashenzari.
  8251 | D:8      | Found an opulent altar of Gozag.
  8329 | D:8      | Reached *** piety under Kikubaaqudgha
  8329 | D:8      | Identified Kikubaaqudgha's Guide on Necromancy (Kikubaaqudgha gifted it to you on level 8 of the Dungeon)
  8329 | D:8      | Received a gift from Kikubaaqudgha
  8339 | D:8      | Learned a level 5 spell: Dispel Undead
  8345 | D:8      | Learned a level 5 spell: Agony
  8839 | D:9      | Found a staircase to the Orcish Mines.
  8997 | D:9      | Found a roughly hewn altar of Beogh.
  9222 | D:9      | Got a brightly glowing morningstar
  9223 | D:9      | Identified the +5 morningstar of Yderr {crush, rC+ Str+4} (You found it on level 9 of the Dungeon)
  9262 | D:9      | Reached **** piety under Kikubaaqudgha
  9650 | D:10     | Entered Level 10 of the Dungeon
  9711 | D:10     | Noticed Grum
  9725 | D:10     | Killed Grum
  9958 | D:10     | Noticed Snorg
 10005 | D:10     | Noticed a two-headed ogre
 10029 | D:10     | Noticed a two-headed ogre
 10034 | D:10     | Killed a two-headed ogre
 10283 | D:10     | Noticed Harold
 10335 | D:10     | Killed a two-headed ogre
 10335 | D:10     | Reached XP level 11. HP: 77/77 MP: 2/18
 10596 | D:10     | Noticed a two-headed ogre
 10607 | D:10     | Killed a two-headed ogre
 10821 | D:10     | Reached skill level 10 in Staves
 11022 | D:10     | Found a sacrificial altar of Ru.
 11219 | D:10     | Noticed Maurice
 11267 | D:10     | Killed Maurice
 11616 | D:10     | Killed Harold
 12154 | D:11     | Noticed a purple ugly thing
 12164 | D:11     | Killed a purple ugly thing
 12164 | D:11     | Reached skill level 1 in Armour
 12562 | D:11     | Noticed a death yak
 12584 | D:11     | Noticed a death yak
 12591 | D:11     | Noticed a death yak
 12593 | D:11     | Killed a death yak
 12755 | D:10     | Killed a death yak
 13143 | D:11     | Killed a death yak
 13143 | D:11     | Reached skill level 5 in Fighting
 13143 | D:11     | Reached XP level 12. HP: 75/86 MP: 2/19
 13406 | D:11     | Found a staircase to the Lair.
 13470 | Lair:1   | Entered Level 1 of the Lair of Beasts
 13478 | Lair:1   | Reached ***** piety under Kikubaaqudgha
 13557 | Lair:1   | Reached skill level 10 in Necromancy
 14539 | Lair:2   | Found a staircase to the Swamp.
 15194 | Lair:2   | Found a radiant altar of Vehumet.
 15839 | Lair:3   | Found a hole to the Spider Nest.
 16421 | Lair:3   | Noticed a catoblepas
 16439 | Lair:3   | Killed a catoblepas
 16758 | Lair:3   | Got a dazzling hunting sling
 16801 | Lair:3   | Learned a level 1 spell: Apportation
 17994 | Lair:4   | Reached XP level 13. HP: 65/91 MP: 20/20
 19802 | Lair:5   | Reached skill level 5 in Armour
 21195 | Lair:6   | Entered Level 6 of the Lair of Beasts
 21452 | Lair:6   | Found a dark tunnel.
 21461 | Volcano  | Entered a volcano
 22954 | Lair:6   | Noticed a dire elephant
 22979 | Lair:6   | Killed a dire elephant
 24405 | Lair:6   | Got a bloodstained spear
 24943 | Lair:6   | Identified the +4 hunting sling of a bailey {flame, +Blink rN+ Int-5 Dex+3} (You found it on level 3 of the Lair of Beasts)
 25015 | Lair:6   | Reached XP level 14. HP: 51/103 MP: 15/27
 26044 | Lair:6   | Found a burning altar of Makhleb.
 26349 | Lair:6   | Found a gateway to Hell.
 26356 | Lair:6   | Identified the Volume of Earthen Translocation
 26363 | Lair:6   | Learned a level 4 spell: Animate Dead
 26369 | Lair:6   | Learned a level 5 spell: Borgnjor's Vile Clutch
 26673 | D:12     | Found an ornate altar of the Wu Jian Council.
 26832 | D:12     | Reached skill level 1 in Earth Magic
 27042 | D:12     | Reached ****** piety under Kikubaaqudgha
 27044 | D:12     | Identified a +2 lajatang of pain (a +0 lajatang bloodied by Kikubaaqudgha)
 27044 | D:12     | Received a gift from Kikubaaqudgha
 27872 | Orc:1    | Entered Level 1 of the Orcish Mines
 28036 | Orc:1    | Found Toaz's Food Shoppe.
 28247 | Orc:1    | Found a roughly hewn altar of Beogh.
 28483 | Orc:1    | Identified 3 scrolls of acquirement
 28485 | Orc:2    | Entered Level 2 of the Orcish Mines
 28485 | Orc:2    | Found a staircase to the Elven Halls.
 28805 | Orc:2    | Reached skill level 5 in Earth Magic
 29175 | Orc:2    | Killed from afar by an ogre mage

Skill      XL: |  1  2  3  4  5  6  7  8  9 10 11 12 13 14 |
---------------+-------------------------------------------+-----
Fighting       | 2 3 4 5 7 |  7.0
Short Blades   | 2 3 4 5 6 |  6.1
Dodging        | 3 4 6 8 9 |  9.8
Necromancy     | 2 8 9 12 | 12.0
Spellcasting   | 5 9 |  9.1
Staves         | 4 9 10 11 12 | 12.0
Armour         | 4 5 6 |  6.2
Earth Magic    | 5 |  5.0
Slings         | |  3.2
Stealth        | |  1.5

Action                   |  1- 3 |  4- 6 |  7- 9 | 10-12 | 13-15 || total
-------------------------+-------+-------+-------+-------+-------++-------
Melee: Short sword       |    20 |    87 |   231 |   655 |   475 ||  1468
       Bite              |     2 |     9 |    24 |   114 |   101 ||   250
       Whip              |       |       |    26 |   132 |   153 ||   311
       Rapier            |       |       |     3 |   177 |    11 ||   191
       Lajatang          |       |       |       |    14 |   223 ||   237
       Staff             |       |       |       |       |     5 ||     5
 Fire: Hunting sling     |    67 |   182 |    92 |    13 |       ||   354
 Cast: Vampiric Draining |       |       |    10 |    69 |    60 ||   139
       Agony             |       |       |       |    46 |    79 ||   125
       Dispel Undead     |       |       |       |     1 |       ||     1
       Borgnjor's Vile C |       |       |       |       |     5 ||     5
Invok: Brand Weapon With |       |       |       |       |     1 ||     1
Evoke: Wand              |       |       |     7 |    11 |    16 ||    34
  Use: Potion            |     6 |    14 |     8 |    65 |    63 ||   156
       Scroll            |       |       |    19 |    12 |    12 ||    43
 Stab: Sleeping          |       |       |     3 |     8 |     2 ||    13
       Paralysed         |       |       |       |     4 |       ||     4
       Petrified         |       |       |       |     5 |       ||     5
       Invisible         |       |       |       |       |     2 ||     2
Armor: Leather armour    |     3 |    18 |       |       |    13 ||    34
       Robe              |       |       |    29 |   105 |       ||   134
       Quicksilver drago |       |       |       |    64 |   330 ||   394
Dodge: Dodged            |    19 |    87 |   196 |   690 |   683 ||  1675
